[ AOE2 MATCH · #505486749 ]
UnrankedBerbers vs Mongols
Player's team · WIN
Rival team · LOSS
[ REPLAY ANALYSIS · EXTRACTED FROM THE RECORDED GAME ]
Feudal
11:22
Castle
26:31
Imperial
44:54
| APM avg | 43.6 |
| APM peak | 78 |
| eAPM avg | 18.8 |
| Villagers / military | 158 / 75 |
Focus
⚔️ 25.4% · 🌾 74.6%
Archer ×32 · Camel Scout ×22 · Camel Archer ×8 · Militia ×3 · Mangonel ×3 · Scout Cavalry ×3
Feudal
9:18
Castle
22:12
Imperial
—
| APM avg | 46.1 |
| APM peak | 94 |
| eAPM avg | 24.1 |
| Villagers / military | 138 / 57 |
Focus
⚔️ 35.0% · 🌾 65.0%
Mangudai ×22 · Knight ×11 · Mangonel ×6 · Scout Cavalry ×5 · Monk ×4 · Petard ×4
Match map
Initial resources + every placement click. Lines = walls · curves = elevation contours. ◆ gold · ⬟ stone · ● berries · ✦ relic · ◌ wall gap
Your base· Open — opponent sealed themselves in
MLP3666's base· ✓ Closed at 22:12 · 50t walls · no gate
Smoothed initial terrain · ◌ = detected wall gap · hover for details
Inputs per minute
— KLOAKAN - - MLP3666
Build order — KLOAKAN
First 150 of 376 actions detected
| 0:00 | Queue | Villager (Male) |
| 0:01 | Queue | Villager (Male) |
| 0:01 | Queue | Villager (Male) |
| 0:03 | Build | House |
| 0:04 | Build | House |
| 0:11 | Queue | Villager (Male) |
| 0:11 | Queue | Villager (Male) |
| 1:37 | Queue | Villager (Male) |
| 1:37 | Queue | Villager (Male) |
| 2:01 | Queue | Villager (Male) |
| 2:29 | Queue | Villager (Male) |
| 2:33 | Build | Lumber Camp |
| 2:49 | Queue | Villager (Male) |
| 3:07 | Queue | Villager (Male) |
| 3:07 | Queue | Villager (Male) |
| 3:37 | Queue | Villager (Male) |
| 3:52 | Build | House |
| 3:53 | Build | House |
| 4:01 | Queue | Villager (Male) |
| 4:33 | Queue | Villager (Male) |
| 5:03 | Queue | Villager (Male) |
| 5:03 | Queue | Villager (Male) |
| 5:34 | Queue | Villager (Male) |
| 5:41 | Build | Barracks |
| 6:03 | Queue | Villager (Male) |
| 6:18 | Build | House |
| 6:35 | Queue | Villager (Male) |
| 6:39 | Queue | Militia |
| 6:57 | Queue | Villager (Male) |
| 6:58 | Queue | Militia |
| 7:10 | Queue | Villager (Male) |
| 7:12 | Queue | Militia |
| 8:01 | Research | Loom |
| 8:03 | Build | Mining Camp |
| 8:50 | Build | Mill |
| 9:12 | Research | Feudal Age |
| 9:36 | Build | Lumber Camp |
| 10:49 | Queue | Villager (Male) |
| 11:22 | Age | Feudal Age |
| 11:31 | Build | Archery Range |
| 11:33 | Build | Archery Range |
| 11:47 | Queue | Spearman |
| 11:49 | Queue | Villager (Male) |
| 12:05 | Queue | Villager (Male) |
| 12:15 | Build | Blacksmith |
| 12:17 | Queue | Villager (Male) |
| 12:25 | Queue | Archer |
| 12:29 | Build | House |
| 12:46 | Build | Farm |
| 12:55 | Queue | Archer |
| 12:55 | Queue | Archer |
| 13:00 | Queue | Archer |
| 13:02 | Queue | Villager (Male) |
| 13:05 | Build | Farm |
| 13:11 | Build | House |
| 13:25 | Build | Farm |
| 13:26 | Queue | Villager (Male) |
| 13:28 | Queue | Archer |
| 13:42 | Build | House |
| 13:44 | Build | Palisade Wall |
| 13:47 | Queue | Archer |
| 13:47 | Queue | Archer |
| 13:56 | Queue | Villager (Male) |
| 13:58 | Queue | Archer |
| 14:09 | Build | Farm |
| 14:15 | Queue | Archer |
| 14:17 | Queue | Villager (Male) |
| 14:39 | Queue | Archer |
| 14:50 | Research | Fletching |
| 14:58 | Queue | Villager (Male) |
| 14:59 | Queue | Villager (Male) |
| 15:07 | Build | Farm |
| 15:10 | Build | Farm |
| 15:14 | Queue | Archer |
| 15:23 | Build | House |
| 15:27 | Build | House |
| 15:29 | Queue | Villager (Male) |
| 15:31 | Research | Town Watch |
| 15:32 | Queue | Archer |
| 15:33 | Queue | Archer |
| 15:37 | Queue | Villager (Male) |
| 15:55 | Research | Double-Bit Axe |
| 15:59 | Queue | Archer |
| 15:59 | Queue | Archer |
| 16:08 | Queue | Villager (Male) |
| 16:08 | Queue | Villager (Male) |
| 16:25 | Queue | Villager (Male) |
| 16:27 | Queue | Archer |
| 16:27 | Queue | Archer |
| 16:41 | Queue | Villager (Male) |
| 17:01 | Queue | Villager (Male) |
| 17:24 | Queue | Villager (Male) |
| 17:39 | Queue | Villager (Male) |
| 17:42 | Queue | Archer |
| 17:56 | Build | Watch Tower |
| 18:00 | Queue | Villager (Male) |
| 18:09 | Queue | Archer |
| 18:09 | Queue | Archer |
| 18:11 | Build | Farm |
| 18:13 | Build | Farm |
| 18:28 | Research | Wheelbarrow |
| 18:39 | Build | Mining Camp |
| 18:42 | Queue | Archer |
| 18:43 | Queue | Archer |
| 19:18 | Queue | Villager (Male) |
| 19:20 | Queue | Archer |
| 19:21 | Queue | Archer |
| 19:36 | Build | House |
| 19:56 | Queue | Villager (Male) |
| 19:58 | Queue | Archer |
| 19:58 | Queue | Archer |
| 20:21 | Queue | Villager (Male) |
| 20:22 | Queue | Archer |
| 20:23 | Queue | Archer |
| 20:42 | Build | Watch Tower |
| 21:02 | Queue | Villager (Male) |
| 21:03 | Queue | Archer |
| 21:03 | Queue | Archer |
| 21:26 | Build | House |
| 21:33 | Build | Farm |
| 21:35 | Build | Farm |
| 21:37 | Build | Farm |
| 21:40 | Build | House |
| 22:29 | Build | Watch Tower |
| 23:08 | Queue | Archer |
| 23:08 | Queue | Archer |
| 23:18 | Build | Market |
| 23:38 | Build | House |
| 23:51 | Research | Castle Age |
| 24:44 | Build | Stable |
| 24:50 | Build | Stable |
| 24:57 | Build | House |
| 25:03 | Research | Horse Collar |
| 25:08 | Research | Padded Archer Armor |
| 25:46 | Build | House |
| 25:52 | Research | Scale Barding Armor |
| 26:10 | Build | House |
| 26:19 | Build | Farm |
| 26:31 | Age | Castle Age |
| 26:35 | Queue | Camel Scout |
| 26:35 | Queue | Camel Scout |
| 26:35 | Queue | Camel Scout |
| 26:52 | Queue | Villager (Male) |
| 26:53 | Queue | Villager (Male) |
| 27:08 | Queue | Villager (Male) |
| 27:36 | Research | Crossbowman (upgrade) |
| 27:40 | Research | Bodkin Arrow |
| 28:01 | Queue | Villager (Male) |
| 28:01 | Queue | Villager (Male) |
| 28:53 | Queue | Villager (Male) |
Build order — MLP3666
First 150 of 329 actions detected
| 0:01 | Queue | Villager (Male) |
| 0:02 | Build | House |
| 0:03 | Build | House |
| 0:21 | Queue | Villager (Male) |
| 0:21 | Queue | Villager (Male) |
| 0:28 | Queue | Villager (Male) |
| 0:28 | Queue | Villager (Male) |
| 1:31 | Queue | Villager (Male) |
| 1:31 | Queue | Villager (Male) |
| 1:47 | Build | Lumber Camp |
| 1:58 | Queue | Villager (Male) |
| 2:16 | Queue | Villager (Male) |
| 2:16 | Queue | Villager (Male) |
| 2:46 | Queue | Villager (Male) |
| 2:46 | Queue | Villager (Male) |
| 3:06 | Queue | Villager (Male) |
| 3:35 | Build | House |
| 3:41 | Queue | Villager (Male) |
| 3:41 | Queue | Villager (Male) |
| 4:06 | Build | Mill |
| 4:13 | Queue | Villager (Male) |
| 4:13 | Queue | Villager (Male) |
| 4:34 | Queue | Villager (Male) |
| 4:34 | Queue | Villager (Male) |
| 4:53 | Queue | Villager (Male) |
| 5:19 | Queue | Villager (Male) |
| 6:05 | Queue | Villager (Male) |
| 6:39 | Research | Loom |
| 6:45 | Research | Feudal Age |
| 7:23 | Build | House |
| 7:25 | Build | Palisade Wall |
| 7:38 | Build | Palisade Wall |
| 7:58 | Build | Barracks |
| 9:12 | Build | Palisade Wall |
| 9:15 | Build | Palisade Wall |
| 9:17 | Build | House |
| 9:18 | Age | Feudal Age |
| 9:27 | Build | Stable |
| 9:30 | Queue | Villager (Male) |
| 9:33 | Build | Palisade Wall |
| 9:37 | Build | House |
| 9:48 | Build | Palisade Wall |
| 9:50 | Build | Palisade Wall |
| 9:54 | Research | Double-Bit Axe |
| 9:54 | Research | Horse Collar |
| 9:57 | Queue | Villager (Male) |
| 10:17 | Queue | Scout Cavalry |
| 10:19 | Research | Horse Collar |
| 10:20 | Queue | Villager (Male) |
| 10:36 | Queue | Scout Cavalry |
| 10:50 | Build | Mill |
| 10:53 | Queue | Scout Cavalry |
| 11:01 | Queue | Villager (Male) |
| 11:02 | Queue | Villager (Male) |
| 11:10 | Build | Farm |
| 11:22 | Queue | Scout Cavalry |
| 11:30 | Build | Farm |
| 11:33 | Queue | Scout Cavalry |
| 11:57 | Queue | Villager (Male) |
| 11:58 | Build | Farm |
| 11:59 | Build | Farm |
| 12:00 | Build | Farm |
| 12:02 | Build | House |
| 12:06 | Build | Palisade Wall |
| 12:07 | Build | Palisade Wall |
| 12:11 | Build | House |
| 12:25 | Queue | Villager (Male) |
| 12:26 | Queue | Villager (Male) |
| 12:30 | Build | Palisade Wall |
| 12:32 | Build | Palisade Wall |
| 12:44 | Build | Palisade Wall |
| 12:50 | Build | House |
| 12:53 | Build | Blacksmith |
| 12:54 | Queue | Villager (Male) |
| 12:54 | Queue | Villager (Male) |
| 12:59 | Build | Farm |
| 13:01 | Build | House |
| 13:12 | Queue | Villager (Male) |
| 13:21 | Queue | Villager (Male) |
| 13:24 | Build | Farm |
| 13:27 | Build | Farm |
| 13:34 | Queue | Villager (Male) |
| 13:49 | Queue | Villager (Male) |
| 13:50 | Build | Farm |
| 13:55 | Build | Farm |
| 14:01 | Queue | Villager (Male) |
| 14:15 | Build | Farm |
| 14:17 | Build | Farm |
| 14:37 | Build | Farm |
| 14:45 | Queue | Villager (Male) |
| 15:00 | Build | Mining Camp |
| 15:03 | Queue | Villager (Male) |
| 15:15 | Build | House |
| 15:21 | Research | Bloodlines |
| 15:21 | Research | Bloodlines |
| 15:21 | Research | Bloodlines |
| 15:27 | Research | Scale Barding Armor |
| 15:32 | Queue | Villager (Male) |
| 15:39 | Build | Farm |
| 15:40 | Build | Farm |
| 15:45 | Queue | Villager (Male) |
| 15:52 | Queue | Villager (Male) |
| 16:02 | Research | Forging |
| 16:17 | Queue | Villager (Male) |
| 16:18 | Build | Farm |
| 16:20 | Queue | Villager (Male) |
| 16:20 | Queue | Villager (Male) |
| 16:56 | Queue | Villager (Male) |
| 17:45 | Queue | Villager (Male) |
| 18:03 | Build | Farm |
| 18:04 | Build | Farm |
| 18:08 | Build | Farm |
| 18:15 | Build | Watch Tower |
| 18:24 | Build | Watch Tower |
| 18:28 | Build | Market |
| 18:31 | Build | House |
| 18:39 | Build | Mining Camp |
| 18:45 | Research | Fletching |
| 18:47 | Queue | Villager (Male) |
| 19:08 | Build | House |
| 19:32 | Research | Castle Age |
| 19:35 | Build | House |
| 19:39 | Build | House |
| 19:47 | Build | House |
| 19:48 | Build | House |
| 20:00 | Build | House |
| 20:02 | Build | House |
| 20:06 | Build | House |
| 20:31 | Build | Watch Tower |
| 20:50 | Build | Stable |
| 21:18 | Build | House |
| 21:20 | Build | Palisade Wall |
| 21:48 | Build | Watch Tower |
| 22:12 | Age | Castle Age |
| 22:14 | Queue | Knight |
| 22:14 | Queue | Knight |
| 22:15 | Research | Bodkin Arrow |
| 22:32 | Queue | Knight |
| 22:32 | Queue | Knight |
| 22:56 | Queue | Villager (Male) |
| 22:56 | Queue | Villager (Male) |
| 23:03 | Queue | Villager (Male) |
| 23:03 | Queue | Villager (Male) |
| 23:20 | Build | Siege Workshop |
| 23:28 | Queue | Villager (Male) |
| 23:41 | Queue | Knight |
| 23:41 | Queue | Knight |
| 24:22 | Queue | Villager (Male) |
| 24:28 | Queue | Villager (Male) |
| 24:28 | Queue | Villager (Male) |
Match timeline
| 5:41 | KLOAKAN · first_building Barracks |
| 7:25 | MLP3666 · wall_segment Palisade Wall x9 |
| 7:38 | MLP3666 · wall_segment Palisade Wall x5 |
| 7:58 | MLP3666 · first_building Barracks |
| 9:12 | MLP3666 · wall_segment Palisade Wall x2 |
| 9:15 | MLP3666 · wall_segment Palisade Wall x1 |
| 9:18 | MLP3666 · age_up feudal |
| 9:27 | MLP3666 · first_building Stable |
| 9:33 | MLP3666 · wall_segment Palisade Wall x1 |
| 9:48 | MLP3666 · wall_segment Palisade Wall x1 |
| 9:50 | MLP3666 · wall_segment Palisade Wall x1 |
| 11:22 | KLOAKAN · age_up feudal |
| 11:31 | KLOAKAN · first_building Archery Range |
| 12:06 | MLP3666 · wall_segment Palisade Wall x13 |
| 12:07 | MLP3666 · wall_segment Palisade Wall x1 |
| 12:30 | MLP3666 · wall_segment Palisade Wall x13 |
| 12:32 | MLP3666 · wall_segment Palisade Wall x1 |
| 12:44 | MLP3666 · wall_segment Palisade Wall x1 |
| 13:44 | KLOAKAN · wall_segment Palisade Wall x2 |
| 21:20 | MLP3666 · wall_segment Palisade Wall x1 |
| 22:12 | MLP3666 · age_up castle |
| 23:20 | MLP3666 · first_building Siege Workshop |
| 24:39 | MLP3666 · first_market_sell 100 food |
| 24:39 | MLP3666 · first_market_buy 100 wood |
| 24:44 | KLOAKAN · first_building Stable |
| 24:45 | MLP3666 · wall_segment Palisade Wall x1 |
| 26:31 | KLOAKAN · age_up castle |
| 27:38 | KLOAKAN · first_market_buy 100 food |
| 29:16 | MLP3666 · first_building Castle |
| 32:23 | KLOAKAN · first_market_sell 100 food |
| 32:33 | KLOAKAN · first_building Castle |
| 33:52 | MLP3666 · first_building Monastery |
| 36:02 | KLOAKAN · first_building Siege Workshop |
| 44:54 | KLOAKAN · age_up imperial |
| 45:46 | MLP3666 · wall_segment Palisade Wall x1 |
| 47:48 | KLOAKAN · first_building Monastery |
| 48:05 | MLP3666 · resign |
[ AI ANALYSIS · 1 CREDIT ]
What really happened in this match?
Wolo.gg analyzes every decision: build order, eco, micro, common mistakes by bracket. Personalized analysis on WhatsApp or Discord in 30 seconds.
Civ guide
Berbers
Perfil
KLOAKAN